 Dungeon Crawl Stone Soup version 0.22.1-2-g9c5b331 (webtiles) character file.

164 Haldmier the Chiller (level 5, -2/37 HPs)
             Began as a Merfolk Ice Elementalist on Nov 29, 2018.
             Was an Initiate of Ashenzari.
             Killed by divine providence
             ... invoked by an orc priest
              (14 damage)
             ... on level 4 of the Dungeon.
             The game lasted 00:18:24 (3587 turns).

Haldmier the Chiller (Merfolk Ice Elementalist)     Turns: 3587, Time: 00:18:25

Health: -2/37      AC:  2    Str:  8    XL:     5   Next: 45%
Magic:  8/8        EV: 11    Int: 15    God:    Ashenzari [......]
Gold:   212        SH:  8    Dex: 15    Spells: 2/8 levels left

rFire    . . .     SeeInvis .   b - +1 short sword (venom)
rCold    . . .     Gourm    .   g - +0 shield (curse)
rNeg     . . .     Faith    .   k - +0 robe
rPois    .         Spirit   .   (no helmet)
rElec    .         Reflect  .   (no cloak)
rCorr    .         Harm     .   (no gloves)
MR       .....                  (no boots)
Stlth    ++........             (no amulet)
HPRegen  0.12/turn              (no ring)
MPRegen  0.11/turn              (no ring)

@: no status effects
A: change form in water, swift swim, stealthy swim
a: Curse Item, Renounce Religion


You were on level 4 of the Dungeon.
You worshipped Ashenzari.
Ashenzari was noncommittal.
You were not hungry.

You visited 1 branch of the dungeon, and saw 4 of its levels.

You collected 212 gold pieces.

Inventory:

Hand Weapons
 a - a +0 spear
 b - a +1 short sword of venom (weapon)
 m - a +1 dagger of holy wrath
Missiles
 r - 101 stones (quivered)
Armour
 g - a cursed +0 shield (worn)
 j - a +0 ring mail
 k - a +0 robe (worn)
 n - a +0 leather armour
Jewellery
 e - an uncursed ring of flight
Scrolls
 d - a scroll of teleportation {unknown}
 i - a scroll of amnesia {unknown}
 o - 4 scrolls of identify
 q - a scroll of remove curse
 u - 2 scrolls of magic mapping
Potions
 h - a potion of brilliance {unknown}
 l - a potion of heal wounds {unknown}
 p - 2 potions of berserk rage
 s - a potion of mutation {unknown}
 t - a potion of might {unknown}
Comestibles
 c - 8 rations


   Skills:
 - Level 1.3 Fighting
 + Level 1.9 Polearms
 - Level 3.3 Dodging
 - Level 2.6 Stealth
 * Level 2.5 Shields
 - Level 2.4 Spellcasting
 - Level 1.2 Conjurations
 - Level 4.0 Ice Magic


You had 2 spell levels left.
You knew the following spells:

 Your Spells              Type           Power        Failure   Level  Hunger
a - Freeze                Ice            ##..         21%         1    #......
b - Throw Frost           Conj/Ice       #.....       47%         2    ###....
c - Ozocubu's Armour      Chrm/Ice       #.......     80%         3    ###....

Your spell library contained the following spells:

 Spells                   Type           Power        Failure   Level  Hunger
 Throw Icicle             Conj/Ice       #.......     98%         4    #####..
 Summon Ice Beast         Ice/Summ       #.......     99%         4    #####..


Dungeon Overview and Level Annotations

Branches:
Dungeon (4/15)
 Temple: D:4-7

Altars:
Ashenzari
Gozag

Annotations:
D:4 Eustachio


Message History

You closely miss the orc. The orc hits you with a flail.
You see here a stone.
The orc throws a stone.
The stone hits you.
You see here a stone.
The orc throws a stone.
You block the stone.
The orc priest calls down the wrath of Beogh upon you.
Beogh smites you!
You see here a stone.
The orc throws a stone.
You block the stone.
You see here a stone.
There is a stone staircase leading up here.
The orc throws a stone.
The stone hits you. You block the orc's attack.
You hit the orc but do no damage. The orc hits you with a flail!
There is a stone staircase leading up, spattered with blood here.
You see here a stone.
The orc priest invokes the aid of Beogh against you.
Beogh smites you!
You die...

,* ##...#.##..,,,,,,,,,≈≈§≈≈(
,****###......##.#*********#..*#.
,,,,,..%.....o(#.# #$#*#.
,,.#####o..o.((#.# #.# #.
,,o...o...(.#(#(.# #.###.
,,.#######.#.###.## #..... ,*,*
##.## ##o# #..... **,* ##.###.o#
#.#### **,* ######.#.@.# #...#
**,****#.......##.# ###.#
**,,,,.>......###.# #.#
**,***##.###..# #.# #†#
,,,,***#,* #..# #.# #.#
**,,**,,,* #..# #.# #.#
,,,,**,*** #..# #.# #.#
**,,**,**###..###.# #.#
**,,**,,,...o.....# #.#


You could see an orc priest and an orc.

Vanquished Creatures
  A bullfrog zombie (D:4)
  6 adders
  An ooze (D:1)
  2 dart slugs
  3 leopard geckos
  3 orcs
  6 bats
  5 giant cockroaches
  8 goblins
  2 hobgoblins
  6 jackals
  8 kobolds
  A quokka (D:2)
  5 frilled lizards
  8 rats
65 creatures vanquished.

Notes
Turn   | Place    | Note
-------+----------+-------------------------------------------
     0 | D:1      | Haldmier the Merfolk Ice Elementalist began the quest for
                  | the Orb.
     0 | D:1      | Reached XP level 1. HP: 13/13 MP: 3/3
   147 | D:1      | Reached XP level 2. HP: 20/20 MP: 3/5
   153 | D:1      | Learned a level 2 spell: Throw Frost
   636 | D:1      | Reached skill level 1 in Fighting
   636 | D:1      | Reached XP level 3. HP: 26/26 MP: 3/6
   923 | D:2      | Reached skill level 1 in Conjurations
  1144 | D:2      | Reached skill level 1 in Shields
  1183 | D:2      | Reached XP level 4. HP: 23/32 MP: 2/7
  1570 | D:2      | Learned a level 3 spell: Ozocubu's Armour
  1585 | D:3      | Reached skill level 4 in Ice Magic
  1820 | D:3      | Found a shattered altar of Ashenzari.
  1824 | D:3      | Became a worshipper of Ashenzari the Shackled
  1900 | D:3      | Noticed a hippogriff
  1966 | D:3      | Found an opulent altar of Gozag.
  2113 | D:3      | Reached skill level 1 in Polearms
  2113 | D:3      | Reached XP level 5. HP: 26/37 MP: 4/8
  2874 | D:4      | Noticed Eustachio
  3587 | D:4      | Killed from afar by an orc priest

Skill      XL: |  1  2  3  4  5 |
---------------+----------------+-----
Fighting       | 1 |  1.3
Dodging        | 3 |  3.3
Conjurations   | 1 |  1.2
Shields        | 1 2 |  2.5
Ice Magic      | 4 |  4.0
Polearms       | 1 |  1.9
Stealth        | |  2.6
Spellcasting   | |  2.4

Action                   |  1- 3 |  4- 6 || total
-------------------------+-------+-------++-------
Melee: Spear             |    23 |    62 ||    85
       Short sword       |       |    16 ||    16
       Dagger            |       |     2 ||     2
Throw: Stone             |     5 |    13 ||    18
 Cast: Freeze            |    46 |    37 ||    83
Invok: Curse Item        |       |     1 ||     1
  Use: Scroll            |       |     2 ||     2
 Stab: Sleeping          |     2 |     2 ||     4
       Distracted        |       |     1 ||     1
  Eat: Chunk             |     2 |     8 ||    10
Armor: Robe              |     7 |    17 ||    24
Dodge: Dodged            |    31 |    60 ||    91
Block: Shield            |       |    33 ||    33
